 Dungeon Crawl Stone Soup version 0.19-a0-1731-g1e0734d (webtiles) character file.

247 Naow the Chopper (level 5, -8/46 HPs)
             Began as a Minotaur Berserker on Sept 30, 2016.
             Was a Believer of Trog.
             Mangled by an ice beast (14 damage)
             ... on level 4 of the Dungeon.
             The game lasted 00:06:24 (2940 turns).

Naow the Chopper (Minotaur Berserker)               Turns: 2940, Time: 00:06:25

Health: -8/46      AC:  2    Str: 22    XL:     5   Next: 85%
Magic:  4/4        EV: 12    Int:  5    God:    Trog [**....]
Gold:   134        SH:  0    Dex:  9    Spells: 0 memorised, 4 levels left

rFire  . . .     SeeInvis .     a - +0 hand axe
rCold  . . .     Gourm    .     b - +0 animal skin
rNeg   . . .     Faith    .     (no shield)
rPois  .         Spirit   .     (helmet restricted)
rElec  .         Dismiss  .     (no cloak)
rCorr  .         Reflect  .     (no gloves)
MR     .....     Harm     .     (no boots)
Stlth  +.........               (no amulet)
                                (no ring)
                                (no ring)

@: no status effects
A: retaliatory headbutt, horns 2
a: Berserk, Trog's Hand, Burn Spellbooks, Renounce Religion


You were on level 4 of the Dungeon.
You worshipped Trog.
Trog was pleased with you.
You were hungry.

You visited 1 branch of the dungeon, and saw 4 of its levels.

You collected 134 gold pieces.

Inventory:

Hand Weapons
 a - a +0 hand axe (weapon)
Armour
 b - a +0 animal skin (worn)
 d - a +0 shield
Jewellery
 r - an uncursed amulet of regeneration {unknown}
Wands
 o - a wand of flame (23/48)
Scrolls
 e - a scroll of magic mapping {unknown}
 f - 2 scrolls of identify {unknown}
 i - a scroll of noise {unknown}
 n - a scroll of immolation {unknown}
 q - a scroll of enchant armour {unknown}
 s - 2 scrolls of enchant weapon {unknown}
 u - 2 scrolls of remove curse {unknown}
Potions
 g - a potion of cancellation {unknown}
 h - a potion of might {unknown}
 j - 3 potions of haste {unknown}
 l - a potion of invisibility {unknown}
 m - 2 potions of curing {unknown}
 p - a potion of brilliance {unknown}
 t - 2 potions of heal wounds {unknown}
 v - a potion of lignification {unknown}
Comestibles
 c - 2 bread rations
 k - 3 meat rations


   Skills:
 - Level 3.8 Fighting
 + Level 7.8 Axes
 - Level 2.5 Armour
 - Level 2.3 Dodging


You had 4 spell levels left.
You didn't know any spells.

Dungeon Overview and Level Annotations

Branches:
Dungeon (4/15)             Temple (0/1) D:4

Altars:
Nemelex Xobeh


Innate Abilities, Weirdness & Mutations

You reflexively headbutt those who attack you in melee.
You have a pair of horns on your head.


Message History

You hit the ice beast.
You headbutt the ice beast, but do no damage.
The ice beast is heavily wounded.
The ice beast hits you but does no damage.
You barely miss the ice beast.
The ice beast is heavily wounded.
The ice beast misses you.
You closely miss the ice beast. Your headbutt misses the ice beast.
The ice beast is heavily wounded.
The ice beast hits you. The ice beast freezes you!
You hit the ice beast.
The ice beast is severely wounded.
The ice beast hits you. The ice beast freezes you!
* * * LOW HITPOINT WARNING * * *
You hit the ice beast. You headbutt the ice beast.
The ice beast is almost dead.
The ice beast hits you.
* * * LOW HITPOINT WARNING * * *
The ice beast freezes you!
You die...

.. #.....# #......#
.. #.....# #......#
.. #.[...#
#......##+# ..
#.....# #..........
## #.....#
#.......... #.....#
#.......... #.....#
#..........
#.#%####.#######....
#..@Y...... #....
#.......... #....
########..# #.... .#
##### #...' #...#
##### #


You could see an ice beast.

Vanquished Creatures
  A howler monkey (D:3)
  Ijyb (D:3)
  A worker ant (D:3)
  10 adders
  An adder skeleton (D:4)
  A worm (D:3)
  2 dart slugs (D:2)
  2 leopard geckos
  3 orcs (D:3)
  6 bats
  7 giant cockroaches
  4 goblins
  6 hobgoblins
  A quokka (D:3)
  A ball python (D:2)
  3 frilled lizards
  8 kobolds
  4 rats (D:2)
62 creatures vanquished.

Notes
Turn   | Place    | Note
-------+----------+-------------------------------------------
     0 | D:1      | Naow the Minotaur Berserker began the quest for the Orb.
     0 | D:1      | Reached XP level 1. HP: 19/19 MP: 0/0
   420 | D:1      | Reached XP level 2. HP: 26/27 MP: 1/1
   421 | D:1      | Reached skill level 4 in Axes
  1006 | D:2      | Found a sparkling altar of Nemelex Xobeh.
  1058 | D:2      | Reached skill level 5 in Axes
  1058 | D:2      | Reached XP level 3. HP: 33/33 MP: 2/2
  1349 | D:2      | Reached XP level 4. HP: 17/40 MP: 3/3
  1580 | D:2      | Reached ** piety under Trog
  1618 | D:2      | Reached skill level 6 in Axes
  1979 | D:3      | Reached XP level 5. HP: 30/46 MP: 4/4
  2174 | D:3      | Noticed Ijyb
  2185 | D:3      | Killed Ijyb
  2185 | D:3      | Reached skill level 7 in Axes
  2590 | D:4      | Found a staircase to the Ecumenical Temple.
  2930 | D:4      | Noticed an ice beast
  2940 | D:4      | Mangled by an ice beast

Vault maps used:
D:1:      lightli_arrival_maybe_door_vault
D:2:      nemelex_spade_bored_becter
D:3:      uniq_iyjb
D:4:      first_bread, uniq_sigmund

Skill      XL: |  1  2  3  4  5 |
---------------+----------------+-----
Axes           | 5 6 7 |  7.8
Fighting       | |  3.8
Armour         | |  2.5
Dodging        | |  2.3

Action                   |  1- 3 |  4- 6 || total
-------------------------+-------+-------++-------
Melee: Hand axe          |    69 |    97 ||   166
       Headbutt          |     9 |    11 ||    20
Invok: Berserk           |     1 |       ||     1
  Eat: Chunk             |     2 |     5 ||     7
Armor: Animal skin       |    19 |    14 ||    33
Dodge: Dodged            |    44 |    60 ||   104
